 Dungeon Crawl Stone Soup version 0.29.0-13-gc9e81de378 (webtiles) character file.

Game seed: 15068731498256882569

8439 Persephone the Basher (level 11, 0/97 HPs)
             Began as a Minotaur Fighter on Sept 7, 2022.
             Was a Follower of Qazlal.
             Slain by a wight
             ... wielding a +4 flail
              (8 damage)
             ... on level 10 of the Dungeon.
             The game lasted 00:18:07 (12245 turns).

Persephone the Basher (Minotaur Fighter)           Turns: 12245, Time: 00:18:08

Health: 0/97       AC: 16    Str: 22    XL:     11   Next: 9%
Magic:  10/10      EV:  8    Int:  5    God:    Qazlal [*.....]
Gold:   433        SH: 13    Dex: 13    Spells: 10/10 levels left

rFire   + . .      SeeInvis +   N - +0 morningstar
rCold   . . .      Faith    .   c - +0 buckler
rNeg    . . .      Spirit   .   l - +0 chain mail of Stoicism {Will+ SInv}
rPois   .          Reflect  +   (helmet restricted)
rElec   .          Harm     .   D - +1 cloak
rCorr   .          Rampage  .   (no gloves)
Will    +....                   i - +1 pair of boots
Stlth   ..........              q - amulet of reflection
HPRegen 0.26/turn               k - ring of protection from fire
MPRegen 0.12/turn               (no ring)

@: mighty
A: horns 2, retaliatory headbutt
a: Renounce Religion


You were on level 10 of the Dungeon.
You worshipped Qazlal.
Qazlal was aware of your devotion.
You visited 2 branches of the dungeon, and saw 11 of its levels.
You also visited: Sewer.

You collected 433 gold pieces.

Inventory:

Hand Weapons
 a - a +1 flail
 N - a +0 morningstar (weapon)
Missiles
 K - 2 throwing nets (quivered)
Armour
 c - a +0 buckler (worn)
 i - a +1 pair of boots (worn)
 l - the +0 chain mail of Stoicism (worn) {Will+ SInv}
   (You found it on level 4 of the Dungeon)

   SInv:      It lets you see invisible.
   Will:      It increases your willpower.
 s - the +0 cloak of Raminuwn {rF+ rC- Str+4}
   (You found it on level 7 of the Dungeon)

   Str:       It affects your strength (+4).
   rF:        It protects you from fire.
   rC:        It makes you vulnerable to cold.
 D - a +1 cloak (worn)
 F - the +5 robe of Night {Dark Will+ SInv}
   (You found it on level 7 of the Dungeon)

   It shrouds the wearer in darkness, reducing the range at which they can see
   and be seen by others.
   SInv:      It lets you see invisible.
   Will:      It increases your willpower.
Jewellery
 k - a ring of protection from fire (left hand)
 q - an amulet of reflection (around neck)
 u - an amulet of regeneration
 G - an amulet of the acrobat
 I - a ring of ice
Wands
 b - a wand of paralysis (9)
 w - a wand of flame (10)
 x - a wand of digging (6)
 L - a wand of polymorph (1)
Scrolls
 e - 3 scrolls of amnesia
 j - 4 scrolls of teleportation
 r - 2 scrolls of vulnerability
 y - 2 scrolls of magic mapping
 E - 6 scrolls of identify
 J - 2 scrolls of enchant weapon
 M - 2 scrolls of blinking
Potions
 f - 2 potions of haste
 g - 4 potions of lignification
 h - 6 potions of attraction
 m - 3 potions of degeneration {unknown}
 n - 4 potions of cancellation
 o - 3 potions of invisibility
 p - a potion of ambrosia
 t - a potion of berserk rage {unknown}
 v - 2 potions of resistance {unknown}
 z - a potion of heal wounds {unknown}
 A - 2 potions of magic {unknown}
 B - 2 potions of mutation {unknown}
 C - 4 potions of curing {unknown}
 H - 2 potions of brilliance {unknown}


   Skills:
 + Level 9.5 Fighting
 - Level 14.0 Maces & Flails
 + Level 9.6 Armour
 + Level 9.6 Shields


You had 10 spell levels left.
You didn't know any spells.
Your spell library contained the following spells:

 Spells                   Type           Power      Damage    Failure   Level
 Sting                    Tmut/Pois      0%         1d3       99%         1
 Blink                    Tloc           0%         N/A       99%         2
 Ensorcelled Hibernation  Hex/Ice        0%         N/A       99%         2
 Poisonous Vapours        Pois/Air       0%         N/A       99%         2
 Static Discharge         Conj/Air       0%         3-3/arc   99%         2
 Gell's Gravitas          Tloc           0%         N/A       100%        3
 Lesser Beckoning         Tloc           0%         N/A       100%        3
 Spider Form              Tmut/Pois      0%         N/A       100%        3
 Stone Arrow              Conj/Erth      0%         3d7       100%        3
 Teleport Other           Tloc           0%         N/A       100%        3
 Anguish                  Hex/Necr       0%         N/A       100%        4
 Animate Armour           Summ/Erth      0%         N/A       100%        4
 Dispel Undead            Necr           0%         3d6       100%        4
 Olgreb's Toxic Radiance  Pois           0%         N/A       100%        4
 Sticky Flame             Conj/Fire      0%         2d3       100%        4
 Manifold Assault         Tloc           0%         N/A       100%        5
 Summon Forest            Summ/Tloc      0%         N/A       100%        5
 Summon Mana Viper        Hex/Summ       0%         N/A       100%        5
 Dispersal                Tloc           0%         N/A       100%        6
 Summon Cactus Giant      Summ           0%         N/A       100%        6
 Lehudib's Crystal Spear  Conj/Erth      0%         10d2      100%        8


Dungeon Overview and Level Annotations

Branches:
Dungeon (10/15)            Temple (1/1) D:7           Sewer (visited)
   Lair: D:8-11         Orc: D:9-12

Altars:
Ashenzari
Cheibriados
Dithmenos
Elyvilon
Fedhas
Gozag
Kikubaaqudgha
Makhleb
Nemelex Xobeh
Okawaru
Qazlal
Ru
Sif Muna
Trog
Uskayaw
Vehumet
Wu Jian
Xom
Yredelemnul
Zin
The Shining One

Shops:
D:1 =   D:6 *   D:7 (


Innate Abilities, Weirdness & Mutations

You have a pair of horns on your head.
You reflexively headbutt those who attack you in melee.


Message History

Qazlal accepts your kill. The centaur closely misses you.
You block the centaur's attack.
You barely miss the centaur. You headbutt the centaur!
The centaur is severely wounded.
The centaur hits you but does no damage.
You block the centaur's attack.
The centaur unwields a +0 shortbow.
The centaur hits you but does no damage.
The centaur kicks you but does no damage.
You block the centaur's attack. The centaur barely misses you.
You puncture the centaur!
You kill the centaur!
Qazlal accepts your kill. You block the centaur's attack.
The centaur kicks you.
You sock the centaur! You headbutt the centaur!
You kill the centaur!
Qazlal accepts your kill. The troll bites you.
* * * LOW HITPOINT WARNING * * *
The troll barely misses you. The troll claws you but does no damage.
You closely miss the wight. The troll bites you.
* * * LOW HITPOINT WARNING * * *
You block the troll's attack. The troll claws you.
* * * LOW HITPOINT WARNING * * *
You block the wight's attack.
You barely miss the wight. You block the troll's attack. x2
The troll claws you but does no damage. The wight hits you with a +4 flail.
* * * LOW HITPOINT WARNING * * *
You closely miss the wight. You headbutt the wight.
The wight is moderately damaged.
You closely miss the wight.
The wight is moderately damaged.
The troll bites you but does no damage. The troll claws you.
* * * LOW HITPOINT WARNING * * *
The troll barely misses you. You block the wight's attack.
You hit the wight.
The wight is severely damaged.
You block the troll's attack. x2; The troll claws you!
* * * LOW HITPOINT WARNING * * *
The wight hits you with a +4 flail!
You die...

#.).#
#....#.....#.......#
#)).#
#....#.....#.......#
#...#
#....#.....#..)....#
#...#
#....#.....#.......#
#...#
#..................#
#...#
#.####.###.##.#.##.#
#...#
#.####.###.##.#.# .#
#....
(................#
...##.###@##.#.#
..........zT....#
.##.#.##.#.#.# ..
... .. # . ..# .$.
##. ?..# # ....
#.##.


You could see a troll and a wight.

Vanquished Creatures
  Erolcha (D:9)
  A two-headed ogre (D:10)
  A gargoyle (D:10)
  2 trolls (D:10)
  Grinder (Sewer)
  A hornet (D:9)
  4 dream sheep (D:7)
  2 shadows (D:7)
  2 wyverns
  6 yaks (D:9)
  3 steam dragons
  Duvessa (D:6)
  3 water moccasins
  5 orc warriors
  2 centaurs (D:10)
  3 ogres
  A phantom (D:4)
  2 kobold brigands (Sewer)
  3 scorpions
  A gnoll sergeant (D:6)
  A bullfrog (D:9)
  A necrophage (D:8)
  4 wights (D:9)
  Dowan (D:6)
  2 howler monkeys
  2 hounds (D:5)
  2 jellies
  A quasit (Sewer)
  7 orc priests
  Crazy Yiuf (D:6)
  A gnoll bouda (D:5)
  An iguana (D:7)
  14 orc wizards
  20 gnolls
  6 adders
  A river rat (D:5)
  4 shadow imps
  A white imp (D:5)
  4 ufetubi (Sewer)
  3 worms
  4 dart slugs
  41 orcs
  5 ball pythons
  10 endoplasms
  8 giant cockroaches
  5 goblins
  12 hobgoblins
  5 jackals
  6 quokkas
  8 bats
  3 frilled lizards
  25 kobolds
  8 rats
262 creatures vanquished.

Vanquished Creatures (others)
  2 adder zombies (Sewer)
2 creatures vanquished.

Grand Total: 264 creatures vanquished

Notes
Turn   | Place    | Note
-------+----------+-------------------------------------------
     0 | D:1      | Persephone the Minotaur Fighter began the quest for the
                  | Orb.
     0 | D:1      | Reached XP level 1. HP: 19/19 MP: 0/0
    87 | D:1      | Reached skill level 3 in Maces & Flails
    92 | D:1      | Reached XP level 2. HP: 24/27 MP: 1/1
   129 | D:1      | Found Neocryul's Jewellery Shoppe.
   413 | D:1      | Reached skill level 4 in Maces & Flails
   428 | D:1      | Found a faded altar of an unknown god.
   856 | D:1      | Reached XP level 3. HP: 33/33 MP: 2/2
  1290 | D:2      | Reached skill level 5 in Maces & Flails
  1304 | D:2      | Reached XP level 4. HP: 36/40 MP: 3/3
  1894 | D:2      | Reached skill level 6 in Maces & Flails
  2294 | D:3      | Reached XP level 5. HP: 45/46 MP: 4/4
  2313 | D:3      | Reached skill level 7 in Maces & Flails
  2904 | D:3      | Reached XP level 6. HP: 52/52 MP: 5/5
  3183 | D:4      | Found a shadowy altar of Dithmenos.
  3192 | D:4      | Identified the +0 chain mail of Stoicism {Will+ SInv}
  3255 | D:4      | Reached skill level 8 in Maces & Flails
  3765 | D:5      | Entered Level 5 of the Dungeon
  3790 | D:5      | Found a radiant altar of Vehumet.
  3827 | D:5      | Reached skill level 9 in Maces & Flails
  4069 | D:5      | Reached XP level 7. HP: 35/58 MP: 6/6
  4166 | D:5      | Found a glowing drain.
  4175 | Sewer    | Entered a sewer
  4401 | Sewer    | Reached skill level 10 in Maces & Flails
  4503 | Sewer    | Found a burning altar of Makhleb.
  4665 | Sewer    | Noticed Grinder
  4683 | Sewer    | Killed Grinder
  4684 | Sewer    | Reached skill level 11 in Maces & Flails
  4684 | Sewer    | Reached XP level 8. HP: 61/66 MP: 7/7
  5246 | D:5      | Reached skill level 12 in Maces & Flails
  6295 | D:6      | Reached skill level 13 in Maces & Flails
  6308 | D:6      | Found Ydyu's General Store.
  6326 | D:6      | Found a runed translucent door.
  6449 | D:6      | Noticed Dowan
  6450 | D:6      | Noticed Duvessa
  6465 | D:6      | Killed Duvessa
  6467 | D:6      | Killed Dowan
  6865 | D:6      | Found a runed translucent door.
  6866 | D:6      | Noticed Crazy Yiuf
  6967 | D:6      | Killed Crazy Yiuf
  7215 | D:6      | Reached XP level 9. HP: 63/71 MP: 8/8
  7221 | D:6      | Reached skill level 14 in Maces & Flails
  7551 | D:7      | Found Jotuipuo's Antique Weapon Emporium.
  7690 | D:7      | Identified the +0 cloak of Raminuwn {rF+ rC- Str+4}
  8046 | D:7      | Reached skill level 5 in Fighting
  8046 | D:7      | Reached skill level 5 in Armour
  8046 | D:7      | Reached skill level 5 in Shields
  8362 | D:7      | Found the +5 robe of Night {Dark Will+ SInv}
  8461 | D:7      | Found a staircase to the Ecumenical Temple.
  8477 | Temple   | Entered the Ecumenical Temple
  8583 | Temple   | Became a worshipper of Qazlal Stormbringer
  8999 | D:8      | Identified the +1 robe of Valour {rElec Dex+3}
  9023 | D:8      | Reached XP level 10. HP: 76/84 MP: 9/9
  9578 | D:9      | Noticed Erolcha
  9587 | D:9      | Killed Erolcha
 10785 | D:9      | Reached * piety under Qazlal
 11390 | D:9      | Found a shimmering blue altar of Sif Muna.
 11399 | D:9      | Found an ornate altar of the Wu Jian Council.
 11593 | D:10     | Entered Level 10 of the Dungeon
 11737 | D:10     | Identified the +3 war axe of Adieq {venom, rPois rC+
                  | Stlth-}
 11796 | D:10     | Noticed a gargoyle
 12147 | D:10     | Killed a gargoyle
 12148 | D:10     | Reached XP level 11. HP: 81/97 MP: 10/10
 12228 | D:10     | Noticed a two-headed ogre
 12237 | D:10     | Killed a two-headed ogre
 12245 | D:10     | Slain by a wight

Illustrated notes

Levels and vault maps discovered:
D:1:      spicycebolla_arrival_clurvy, layout_basic,
          chequers_ecumenical_altar_simple_redux, serial_shops,
          nicolae_shop_stone, chequers_serial_rivers_micro_a
D:2:      layout_basic, minmay_puff
D:3:      layout_loops_cross, st_stairs_8, kennysheep_orc_chapel
D:4:      layout_basic, nicolae_overflow_crystal_walls
D:5:      layout_gridville, vehumet_altar_wand_db, gup_sewer_entry_bubbles,
          due_unseen_surprise
D:6:      layout_loops_corners, serial_shops, shop, lightli_church_of_beogh,
          uniq_crazy_yiuf_cottage, uniq_duvessa, uniq_grinder
D:7:      layout_loops_ring, minmay_temple_entry_nine_rooms, serial_shops,
          kennysheep_little_box, hellmonk_guarded_unrand_night
D:8:      layout_rooms, nicolae_concentric_dashed_squares_mild
D:9:      layout_stronghold, mainiacjoe_overflow_swirl, uniq_erolcha
D:10:     layout_irregular_city, minmay_diced_spiral, uniq_urug
Temple:   regret_index_temple_mists

Skill      XL: |  1  2  3  4  5  6  7  8  9 10 |
---------------+-------------------------------+-----
Maces & Flails | 3 4 5 6 7 9 11 13 14 | 14.0
Armour         | 6 9 |  9.6
Fighting       | 6 9 |  9.5
Shields        | 6 9 |  9.6

Action                   |  1- 3 |  4- 6 |  7- 9 | 10-12 || total
-------------------------+-------+-------+-------+-------++-------
Melee: Flail             |    75 |   151 |   357 |    99 ||   682
       Headbutt          |    11 |    18 |    68 |    52 ||   149
       Morningstar       |       |       |       |   111 ||   111
  Use: Scroll            |       |    10 |     7 |     3 ||    20
       Potion            |       |       |     2 |     3 ||     5
 Stab: Distracted        |     1 |       |       |       ||     1
Armor: Scale mail        |    38 |    40 |       |       ||    78
       Chain mail        |       |    12 |   119 |    14 ||   145
       Robe              |       |       |     3 |    34 ||    37
Dodge: Dodged            |    29 |    39 |    96 |    64 ||   228
Block: Buckler           |    21 |    52 |   152 |   111 ||   336
       Reflection        |       |       |     6 |     5 ||    11
